 Dungeon Crawl Stone Soup version 0.23.0-3-gf3c87f2df8 (webtiles) character file.

Game seed: 9845738356749445917

440 GotenAND the Ruffian (level 6, 0/61 HPs)
             Began as a Troll Chaos Knight on Feb 24, 2019.
             Was a Plaything of Xom.
             Slain by a gnoll
             ... wielding a +0 halberd
              (7 damage)
             ... on level 3 of the Dungeon.
             The game lasted 00:07:12 (2453 turns).

GotenAND the Ruffian (Troll Chaos Knight)           Turns: 2453, Time: 00:07:12

Health: 0/61       AC:  8    Str: 22 (23) XL:     6   Next: 70%
Magic:  5/5        EV: 10    Int:  8      God:    Xom [...*..]
Gold:   133        SH:  0    Dex:  9      Spells: 5/5 levels left

rFire    . . .     SeeInvis .     - Unarmed
rCold    . . .     Gourm    +   (no shield)
rNeg     . . .     Faith    .   a - +2 robe
rPois    .         Spirit   .   (helmet restricted)
rElec    .         Reflect  .   (no cloak)
rCorr    .         Harm     .   (gloves unavailable)
MR       .....     Clarity  +   (boots unavailable)
Stlth    +.........             (no amulet)
HPRegen  0.60/turn              (no ring)
MPRegen  0.09/turn              (no ring)

@: no status effects
A: large, unfitting armour, claws 3, clarity, deterioration 1, fast metabolism
3, gourmand, regeneration 1, shaggy fur 1, tough skin 3
a: Renounce Religion


You were on level 3 of the Dungeon.
You worshipped Xom.
You were a favourite toy of Xom.
You were completely stuffed.

You visited 1 branch of the dungeon, and saw 3 of its levels.

You collected 133 gold pieces.

Inventory:

Armour
 a - a +2 robe (worn)
Jewellery
 j - an uncursed ring of protection from fire {unknown}
Wands
 m - a wand of paralysis (8)
Scrolls
 c - 2 scrolls of enchant armour {unknown}
 d - 2 scrolls of teleportation {unknown}
 e - 2 scrolls of amnesia {unknown}
 i - a scroll of magic mapping {unknown}
 l - a scroll of enchant weapon {unknown}
 n - a scroll of fog {unknown}
 p - 2 scrolls of identify {unknown}
 q - a scroll of remove curse {unknown}
Potions
 f - a potion of curing {unknown}
 g - a potion of berserk rage {unknown}
 h - a potion of agility {unknown}
 o - 2 potions of might {unknown}
Comestibles
 b - 7 rations
 k - 11 chunks of flesh


   Skills:
 * Level 3.4 Fighting
 * Level 3.3 Dodging
 * Level 6.2 Unarmed Combat


You had 5 spell levels left.
You didn't know any spells.
Your spell library was empty.

Dungeon Overview and Level Annotations

Branches:
Dungeon (3/15)

Altars:
Elyvilon


Innate Abilities, Weirdness & Mutations

You are too large for most types of armour.
You have claws for hands.
Your metabolism is lightning-fast.
You like to eat raw meat.
Your natural rate of healing is unusually fast.
You are covered in fur. (AC +1)
You have extremely tough skin. (AC +3)
You possess an exceptional clarity of mind.
Your body sometimes deteriorates upon taking damage.


Message History

You are too injured to fight recklessly!
You are too injured to fight recklessly!
You are too injured to fight recklessly!
You rip the net and break free!
The gnoll hits you but does no damage. The gnoll completely misses you.
You mangle the gnoll!!
You kill the gnoll!
The gnoll hits you but does no damage.
The gnoll hits you from afar with a +0 halberd!
* * * LOW HITPOINT WARNING * * *
The gnoll hits you from afar with a +0 spear.
* * * LOW HITPOINT WARNING * * *
Things that are here:
a +0 halberd; a gnoll skeleton You see here a +0 spear.
There is an open door, spattered with blood here.
The gnoll hits you with a +0 spear!
* * * LOW HITPOINT WARNING * * *
The gnoll hits you from afar with a +0 halberd!
You die...

.....g..'....#'###≈≈....#
#####'###....#.#.≈≈≈....# ,
..,*,#....#.#.≈≈≈..P.# ,, g..,,
##)###.#.≈≈≈....# ,,...
,*,#..g...#.≈≈≈(...# ,.. ,,,
,#.(g.gg#.≈≈≈....#
################g#.≈≈≈....#
...#...........#g#.≈≈≈....#
...'...........'@#.≈≈≈....#
..)#...........#'###≈≈P...#.#
')'#############)).#≈≈....#.#
..........,,,,,#...#≈≈....#.#
...≈≈≈≈≈≈≈≈ ≈≈≈#####≈≈....#.#
...≈≈≈≈≈≈≈≈≈≈≈≈ ≈≈≈≈≈≈....#.##.
...≈≈≈≈≈≈≈≈≈≈ ≈≈≈≈≈≈≈....#.##.#
..........,,,,,.....P.....#.##.#
.###.#####, **
###########...#.##


You could see 4 gnolls.

Vanquished Creatures
  2 gnoll shamans (D:3)
  An orc wizard (D:3)
  A howler monkey zombie (D:3)
  20 gnolls (D:3)
  5 adders
  2 dart slugs (D:1)
  A leopard gecko (D:2)
  8 orcs (D:3)
  4 ball pythons
  4 giant cockroaches
  5 goblins
  7 hobgoblins
  18 jackals
  A quokka (D:2)
  8 bats
  3 frilled lizards
  6 kobolds
  10 rats
106 creatures vanquished.

Vanquished Creatures (others)
  A fire vortex (D:3)
1 creature vanquished.

Grand Total: 107 creatures vanquished

Notes
Turn   | Place    | Note
-------+----------+-------------------------------------------
     0 | D:1      | GotenAND the Troll Chaos Knight began the quest for the
                  | Orb.
     0 | D:1      | Reached XP level 1. HP: 22/22 MP: 0/0
    76 | D:1      | XOM: harmless Summ miscast
   156 | D:1      | Reached XP level 2. HP: 29/29 MP: 1/1
   193 | D:1      | XOM is BORED!
   193 | D:1      | XOM: harmless Hex miscast
   253 | D:1      | XOM: divination: magic mapping
   266 | D:1      | XOM: 3-stop teleportation journey
   569 | D:1      | Reached XP level 3. HP: 36/36 MP: 2/2
   698 | D:2      | XOM: silly message
   881 | D:2      | Found a white marble altar of Elyvilon.
   889 | D:2      | XOM: divination: magic mapping
   899 | D:2      | XOM: cloud trail
   926 | D:2      | XOM: harmless Air miscast
   972 | D:2      | XOM: severe Ice miscast
  1128 | D:2      | Reached skill level 4 in Unarmed Combat
  1162 | D:2      | Reached XP level 4. HP: 44/45 MP: 3/3
  1382 | D:2      | XOM: give mutations
  1382 | D:2      | Gained mutation: You possess an exceptional clarity of
                  | mind. [Xom's mischief]
  1382 | D:2      | Gained mutation: Your body sometimes deteriorates upon
                  | taking damage. [Xom's mischief]
  1446 | D:2      | XOM: polymorph quokka -> hobgoblin
  1766 | D:3      | Reached XP level 5. HP: 35/53 MP: 4/4
  1778 | D:3      | XOM is BORED!
  1778 | D:3      | XOM: mild Air miscast
  1839 | D:3      | XOM: mild Fire miscast
  1903 | D:3      | XOM: fog
  2057 | D:3      | Reached skill level 5 in Unarmed Combat
  2079 | D:3      | XOM: noise
  2092 | D:3      | XOM: divination: magic mapping
  2113 | D:3      | XOM: potion effect (curing)
  2115 | D:3      | XOM: noise
  2224 | D:3      | XOM: confuse monster(s)
  2224 | D:3      | Reached XP level 6. HP: 61/61 MP: 5/5
  2324 | D:3      | Reached skill level 6 in Unarmed Combat
  2453 | D:3      | Slain by a gnoll

Skill      XL: |  1  2  3  4  5  6 |
---------------+-------------------+-----
Dodging        | 2 3 |  3.3
Fighting       | 3 |  3.4
Unarmed Combat | 4 5 6 |  6.2

Action                   |  1- 3 |  4- 6 || total
-------------------------+-------+-------++-------
Melee: Unarmed           |   111 |   179 ||   290
       Punch             |       |     3 ||     3
 Stab: Sleeping          |     1 |     1 ||     2
       Confused          |       |     1 ||     1
  Eat: Chunk             |    16 |    12 ||    28
Armor: Robe              |    43 |    80 ||   123
Dodge: Dodged            |    61 |    87 ||   148
